[Event "*** Titled Tuesday Blitz"]
[Site "Chess.com"]
[Date "2020.02.04"]
[Round "9"]
[White "TrimitziosP7"]
[Black "Witik"]
[Result "0-1"]
[WhiteElo "2773"]
[BlackElo "2625"]
[TimeControl "180+2"]
[EndTime "11:15:32 PST"]
[Termination "Witik won by checkmate"]

1. Nf3 Nf6 2. b3 d5 3. Bb2 Bg4 4. e3 Nbd7 5. d4 e6 6. Be2 Be7 7. O-O O-O 8. Ne5 Bxe2 9. Qxe2 Nxe5 10. dxe5 Nd7 11. c4 c6 12. cxd5 exd5 13. f4 Re8 14. Nd2 Bf8 15. Nf3 Nc5 16. Rfd1 Ne4 17. Nd2 Nc5 18. e4 d4 19. Nf3 d3 20. Qe3 Qa5 21. Kh1 Rad8 22. f5 Qb4 23. Nd2 a5 24. a3 Qb5 25. a4 Qb4 26. Rab1 Nxb3 27. Nxb3 Qxb3 28. e6 Qxa4 29. Rxd3 Rxd3 30. Qxd3 fxe6 31. f6 Qb5 32. Qf3 gxf6 33. Qxf6 e5 34. Rf1 Qc4 35. Bxe5 Qxf1+ 36.
Qxf1 Rxe5 37. Qc4+ Kg7 38. Qd4 Kf6 39. g4 Ke6 40. Qb6 Rb5 41. Qc7 Be7 42. Qc8+ Kd6 43. Qb8+ Ke6 44. Qc8+ Kd6 45. Qa8 c5 46. Kg2 c4 47. Qc8 Rc5 48. Qxb7 c3 49. e5+ Rxe5 50. Qb6+ Kd7 51. Qb7+ Kd6 52. Qb8+ Kd5 53. Qb7+ Kd4 54. Qd7+ Kc4 55. Qc6+ Bc5 56. Qa4+ Bb4 57. Qc6+ Kb3 58. Qf3 Rc5 59. g5 a4 60. h4 a3 61. h5 Rxg5+ 62.
Kh3 Rc5 63. Qf7+ Kb2 64. Qf2+ c2 65. Kg4 a2 66. Qd4+ Kb3 67. Qd3+ Rc3 68. Qd5+ Kb2 69.
Qd4 c1=Q 70. Qxb4+ Ka1 71. Kf5 Rc5+ 72. Ke6 Qc4+ 73.
Qxc4 Rxc4 74. h6 Rh4 75. Kf7 Rxh6 76. Kg7 Rh1 77. Kf6 Kb2 78. Kg5 a1=Q 79. Kg4 Qf1 80. Kg5 Qf7 81. Kg4 Rf1 82. Kg5 Qg6+ 83. Kh4 Rh1# 0-1

[Event "*** Titled Tuesday Blitz"]
[Site "Chess.com"]
[Date "2020.02.04"]
[Round "9"]
[White "MITerryble"]
[Black "Indianlad"]
[Result "1/2-1/2"]
[WhiteElo "2948"]
[BlackElo "2929"]
[TimeControl "180+2"]
[EndTime "11:15:39 PST"]
[Termination "Game drawn by repetition"]

1. d4 Nf6 2. Nf3 d5 3. c4 e6 4. e3 a6 5. b3 c5 6. Bd3 cxd4 7.
exd4 Nc6 8. Bb2 Bb4+ 9. Nbd2 O-O 10. O-O b6 11. Rc1 Bb7 12. a3 Bxd2 13. Qxd2 Na5 14. Qc2 dxc4 15. bxc4 Bxf3 16. gxf3 Rc8 17. c5 Nd5 18.
Bxh7+ Kh8 19. Be4 Nf4 20. Kh1 f5 21. Bd3 Qd5 22. Be2 Rf6 23. Qd2 Nxe2 24. Qxe2 b5 25. Rg1 Nc4 26. Rg3 f4 27. Rh3+ Kg8 28. Rg1 Rcf8 29.
Rg4 a5 30. Rgh4 b4 31. axb4 axb4 32. Qc2 Nxb2 33. Qxb2 Qc4 34. Kg2 b3 35. d5 Rg6+ 36.
Rg4 Rxg4+ 37. fxg4 f3+ 38. Rxf3 Rxf3 39. Kxf3 Qxd5+ 40. Ke2 Qc4+ 41. Kd2 Qb4+ 42. Kd3 Qb5+ 43. Kd4 e5+ 44.
Kc3 Qxc5+ 45. Kxb3 Kf7 46. Ka2 Kf6 47. Qe2 Kg5 48. h3 Qc3 49. f3 Kf4 50. Qe4+ Kg3 51. g5 Qd4 52. Qg6 Kxf3 53. Qxg7 Qd2+ 54. Kb3 Qd3+ 55. Kb2 Qb5+ 56. Kc3 Qc5+ 57. Kb3 e4 58.
Qf6+ Ke2 59. g6 Qb5+ 60. Kc2 Qd3+ 61. Kb2 Qb5+ 62. Ka2 Qa4+ 63. Kb1 Qd1+ 64. Ka2 Qa4+ 65. Kb2 Qb4+ 66. Kc2 Qa4+ 67. Kc1 e3 68. g7 Qc4+ 69. Kb1 Kd1 70. Qd6+ Ke1 71. Qg3+ Kd2 72. g8=Q Qc2+ 73.
Ka1 Qc3+ 74. Ka2 Qa5+ 75. Kb2 Qc3+ 76. Kb1 Qb4+ 77. Ka1 Qc3+ 78. Ka2 Qa5+ 79. Kb3 Qb5+ 80. Ka3 Qa5+ 81. Kb2 Qc3+ 82. Ka2 1/2-1/2